 Dungeon Crawl Stone Soup version 0.17-a0-2027-gcac42c4 (webtiles) character file.

207 graki42 the Insei (level 5, -3/46 HPs)
             Began as a Naga Transmuter on Oct 10, 2015.
             Slain by an orc
             ... wielding a +0 morningstar
              (11 damage)
             ... on level 3 of the Dungeon.
             The game lasted 00:13:56 (4576 turns).

graki42 the Insei (Naga Transmuter)                 Turns: 4576, Time: 00:13:56

Health: -3/46      AC:  3    Str: 12    XL:     5   Next: 85%
Magic:  7/9        EV: 10    Int: 14    God:
Gold:   58         SH:  0    Dex: 12    Spells: 2 memorised, 5 levels left

rFire  . . .     SeeInvis +       - Unarmed
rCold  . . .     Clarity  .     b - +0 robe
rNeg   + . .     SustAt   .     (no shield)
rPois  +         Gourm    .     m - +0 helmet (curse)
rElec  .         Spirit   .     (no cloak)
rCorr  .         Warding  .     (no gloves)
rMut   .         Stasis   .     (no barding)
MR     .....                    (no amulet)
Stlth  ..........               l - ring of positive energy
                                g - ring of loudness (curse)

@: confused, very slow, not resistant to hostile enchantments, extremely
unstealthy
A: see invisible, deformed body, poison resistance, slowness 2, slow metabolism
1, spit poison 2, AC +1
a: Spit Poison


You were on level 3 of the Dungeon.
You were hungry.

You visited 1 branch of the dungeon, and saw 4 of its levels.

You collected 58 gold pieces.

Inventory:

Missiles
 a - 12 arrows
 p - 2 throwing nets (quivered)
Armour
 b - a +0 robe (worn)
 m - a cursed +0 helmet (worn)
Jewellery
 g - a cursed ring of loudness (left hand)
 l - a ring of positive energy (right hand)
 q - an uncursed ring of flight
Wands
 o - a wand of fireball (7)
Scrolls
 n - 2 scrolls of identify
 r - a scroll of enchant armour {unknown}
 s - 3 scrolls of magic mapping {unknown}
Potions
 e - a potion of heal wounds {unknown}
 f - a potion of resistance {unknown}
 h - a potion of cure mutation
 i - a potion of flight {unknown}
 j - a potion of haste {unknown}
 t - a potion of brilliance {unknown}
 v - a potion of mutation {unknown}
Books
 c - a book of Changes

   Spells                             Type                      Level
   a - Beastly Appendage              Transmutation                1
   b - Sticks to Snakes               Transmutation                2
   c - Spider Form                    Transmutation/Poison         3
   d - Ice Form                       Ice/Transmutation            4
   e - Blade Hands                    Transmutation                5
Comestibles
 d - 2 bread rations
 k - 9 fruits


   Skills:
 + Level 2.3 Fighting
 + Level 2.7 Dodging
 + Level 3.8 Unarmed Combat
 + Level 2.7 Spellcasting
 + Level 2.5 Transmutations
 * Level 2.2 Poison Magic


You had 5 spell levels left.
You knew the following spells:

 Your Spells              Type           Power        Failure   Level  Hunger
a - Beastly Appendage     Trmt           #.....       10%         1    #......
b - Spider Form           Trmt/Pois      #.........   24%         3    ###....


Dungeon Overview and Level Annotations

Branches:
Dungeon (4/15)
 Temple: D:4-7

Altars:


Innate Abilities, Weirdness & Mutations

You cannot wear boots.
Your serpentine skin is tough (AC +1).
You have supernaturally acute eyesight.
Armour fits poorly on your strangely shaped body.
Your system is resistant to poisons.
You cover ground very slowly.
You have a slow metabolism.
You can spit poison.


Message History

You closely miss the orc wizard. You closely miss the orc wizard.
Your transformation has ended.
Your cursed +0 helmet unmelds from your body.
Your +0 robe unmelds from your body.
The orc wizard casts a spell at you. The puff of flame hits you!
* * * LOW HITPOINT WARNING * * *
The orc closely misses you.
Drink which item? (? for menu, Esc to quit)
Okay, then.
You're too confused!
Drink which item? (? for menu, Esc to quit)
Okay, then.
You bump into the rock wall.
The orc wizard barely misses you. The orc closely misses you.
You are feeling hungry.
You barely miss the orc. The orc wizard closely misses you.
The orc hits you with a morningstar!
You die...

###
#.##.#########
..# #........#
#.# #(.#.###.#
#.# ##.#.# #.#
#.# #...# #.#
#.# ##.[# #.#
#.# #..# #.#
#.# ##o###.#
#.# #@o...#
#.# #######
#.# #.# #.#
#.# #.# ..#
###


You could see an orc wizard (invisible) and an orc.

Vanquished Creatures
  An orc wizard (D:3)
  An orc priest (D:3)
  A gnoll (D:1)
  3 adders
  An ooze (D:2)
  7 worms
  3 giant geckos
  12 orcs
  A ball python (D:3)
  3 giant cockroaches
  8 goblins
  5 hobgoblins
  8 jackals
  7 kobolds
  8 bats
  2 giant newts
  2 quokkas
  9 rats
82 creatures vanquished.

Notes
Turn   | Place    | Note
--------------------------------------------------------------
     0 | D:1      | graki42 the Naga Transmuter began the quest for the Orb.
     0 | D:1      | Reached XP level 1. HP: 18/18 MP: 3/3
   195 | D:1      | Reached XP level 2. HP: 11/25 MP: 3/5
   875 | D:1      | Reached XP level 3. HP: 26/31 MP: 4/6
   887 | D:1      | Learned a level 3 spell: Spider Form
  2138 | D:2      | Reached skill level 1 in Poison Magic
  2320 | D:2      | Reached XP level 4. HP: 38/38 MP: 8/8
  3479 | D:3      | Reached XP level 5. HP: 22/44 MP: 9/9
  4576 | D:3      | Slain by an orc

Vault maps used:
D:1:      sevenhm_arrival_forest_fort_small_3, minmay_hedge_maze
D:2:      serial_forest, infiniplex_forest_straight_4,
          infiniplex_forest_lined_2, infiniplex_forest_pool,
          infiniplex_forest_lined_1, infiniplex_forest_lined_corner,
          infiniplex_forest_straight_2, infiniplex_forest_clump_curved,
          infiniplex_forest_lined_room_3, first_bread
D:4:      minmay_temple_entry_glassed_door, serial_column_ruins,
          column_ruins_open_small, column_ruins_open_tiny,
          column_ruins_open_tiny, column_ruins_open_medium,
          serial_bayou_lagoon_a, uniq_menkaure

Action                   |  1- 3 |  4- 6 || total
-------------------------+-------+-------++-------
Melee: Unarmed           |   124 |   236 ||   360
 Cast: Beastly Appendage |    27 |       ||    27
       Spider Form       |       |     8 ||     8
  Use: Scroll            |     1 |       ||     1
 Stab: Sleeping          |     1 |       ||     1
  Eat: Chunk             |     3 |     7 ||    10
